 Dungeon Crawl Stone Soup version 0.21.1-1-g345015f (webtiles) character file.

416 inc the Magician (level 6, -2/36 HPs)
             Began as an Octopode Enchanter on Apr 22, 2018.
             Slain by an orc
             ... wielding a +0 short sword
              (7 damage)
             ... on level 4 of the Dungeon.
             The game lasted 00:07:57 (3526 turns).

inc the Magician (Octopode Enchanter)               Turns: 3526, Time: 00:07:57

Health: -2/36      AC:  1    Str:  7    XL:     6   Next: 92%
Magic:  5/13       EV: 13    Int: 20    God:
Gold:   84         SH:  0    Dex: 12    Spells: 9/15 levels left

rFire    . . .     SeeInvis .   a - +1 dagger
rCold    + . .     Gourm    .   (no shield)
rNeg     . . .     Faith    .   (helmet restricted)
rPois    .         Spirit   .   (no amulet)
rElec    .         Reflect  .   i - ring of stealth
rCorr    .         Harm     .   j - ring of protection from cold
MR       .....                  (no ring)
Stlth    ++++......             (no ring)
HPRegen  0.12/turn              (no ring)
MPRegen  0.13/turn              (no ring)
                                (no ring)
                                (no ring)

@: very slightly contaminated
A: almost no armour, stealthy swim, amphibious, 8 rings, constrict 8, camouflage
1, gelatinous body 1
a: no special abilities


You were on level 4 of the Dungeon.
You were hungry.

You visited 1 branch of the dungeon, and saw 4 of its levels.

You collected 84 gold pieces.

Inventory:

Hand Weapons
 a - a +1 dagger (weapon)
Jewellery
 i - a ring of stealth (left tentacle)
 j - a ring of protection from cold (right tentacle)
Scrolls
 d - a scroll of enchant armour {unknown}
 e - 4 scrolls of identify {unknown}
 f - 2 scrolls of random uselessness
 g - 3 scrolls of remove curse {unknown}
 m - a scroll of enchant weapon {unknown}
Potions
 h - a potion of flight
 k - 2 potions of invisibility {unknown}
 l - a potion of cancellation {unknown}
Books
 b - a book of Maledictions

   Spells                             Type                      Level
   a - Corona                         Hexes                        1
   b - Ensorcelled Hibernation        Hexes/Ice                    2
   c - Confuse                        Hexes                        3
   d - Tukima's Dance                 Hexes                        3
   e - Dazzling Spray                 Conjuration/Hexes            3
Comestibles
 c - 8 rations


   Skills:
 - Level 4.2 Short Blades
 - Level 2.0 Dodging
 - Level 4.0 Stealth
 + Level 5.0 Spellcasting
 - Level 3.0 Hexes
 - Level 1.2 Ice Magic


You had 9 spell levels left.
You knew the following spells:

 Your Spells              Type           Power        Failure   Level  Hunger
a - Corona                Hex            ###....      3%          1    None
b - Ensorcelled Hibernat  Hex/Ice        ##....       8%          2    None
c - Confuse               Hex            ###.....     10%         3    ##.....


Dungeon Overview and Level Annotations

Branches:
Dungeon (4/15)
 Temple: D:4-7

Altars:
Wu Jian

Annotations:
D:3 Tiareth's ghost, amateur DgTm


Innate Abilities, Weirdness & Mutations

You cannot wear most types of armour.
You are very stealthy in the water. (Stealth+)
You are amphibious.
You can wear up to eight rings at the same time.
You can use your tentacles to constrict eight enemies at once.
Your skin changes colour to match your surroundings (Stealth+).
Your rubbery body absorbs attacks. (AC +1, EV +1)


Message History

You constrict the orc, but do no damage.
The orc struggles to escape constriction.
You hit the orc but do no damage.
You constrict the orc, but do no damage.
The orc escapes!
The orc hits you with a flail! The orc hits you with a short sword.
* * * LOW HITPOINT WARNING * * *
You see here a giant spiked club.
Okay, then.
The orc shouts!
You hit the orc. You grab the orc.
The orc is heavily wounded.
You constrict the orc, but do no damage.
The orc hits you with a flail.
* * * LOW HITPOINT WARNING * * *
You hit the orc.
The orc is severely wounded.
You constrict the orc, but do no damage.
The orc hits you with a short sword!
You die...

#######..##...#
+.............#
#.......a##..##
#....##...#..##
#.............#
..####.####..#
..##.....##.##
#.......#..#
#.......#o@#####
......_.....#o...#
#..#.......#.#o...#
#..#.......#.#..o.#
#. ##.....##.#....#
###.####.#....# ...
..#)...# .##.
..#....# .
###'#....#


You could see 4 orcs.

Vanquished Creatures
  An ogre (D:4)
  A scorpion (D:2)
  A hound (D:4)
  2 worker ants
  2 orc wizards
  5 adders
  An ooze (D:2)
  6 worms
  2 leopard geckos
  4 orcs
  A ball python (D:1)
  3 giant cockroaches
  10 goblins
  10 hobgoblins
  4 jackals
  8 kobolds
  2 quokkas
  12 bats
  3 frilled lizards
  9 rats
87 creatures vanquished.

Notes
Turn   | Place    | Note
-------+----------+-------------------------------------------
     0 | D:1      | inc the Octopode Enchanter began the quest for the Orb.
     0 | D:1      | Reached XP level 1. HP: 11/11 MP: 3/3
    56 | D:1      | Reached XP level 2. HP: 5/17 MP: 3/5
   286 | D:1      | Learned a level 2 spell: Ensorcelled Hibernation
   822 | D:2      | Reached XP level 3. HP: 10/21 MP: 3/6
  1003 | D:2      | Noticed a scorpion
  1014 | D:2      | Killed a scorpion
  1014 | D:2      | Reached XP level 4. HP: 11/27 MP: 1/7
  1618 | D:2      | Reached skill level 1 in Ice Magic
  1874 | D:2      | Reached XP level 5. HP: 31/31 MP: 3/8
  2346 | D:3      | Noticed Tiareth's ghost (amateur DgTm)
  2356 | D:2      | Learned a level 3 spell: Confuse
  2595 | D:3      | Reached skill level 3 in Spellcasting
  2890 | D:3      | Reached XP level 6. HP: 36/36 MP: 4/11
  3347 | D:4      | Found an ornate altar of the Wu Jian Council.
  3391 | D:4      | Reached skill level 4 in Spellcasting
  3511 | D:4      | Reached skill level 5 in Spellcasting
  3526 | D:4      | Slain by an orc

Skill      XL: |  1  2  3  4  5  6 |
---------------+-------------------+-----
Short Blades   | 2 4 |  4.2
Ice Magic      | 1 |  1.2
Spellcasting   | 3 5 |  5.0
Dodging        | |  2.0
Stealth        | |  4.0
Hexes          | |  3.0

Action                   |  1- 3 |  4- 6 || total
-------------------------+-------+-------++-------
Melee: Dagger            |    52 |   118 ||   170
       Constrict         |     9 |    20 ||    29
       Tentacles         |     4 |    17 ||    21
 Cast: Corona            |     1 |       ||     1
       Ensorcelled Hiber |     7 |    44 ||    51
       Confuse           |       |     3 ||     3
  Use: Potion            |       |     3 ||     3
       Scroll            |       |     2 ||     2
 Stab: Sleeping          |    18 |    28 ||    46
       Distracted        |       |     1 ||     1
  Eat: Chunk             |       |    10 ||    10
Armor: Skin              |     7 |    10 ||    17
Dodge: Dodged            |    22 |   105 ||   127
